 Dungeon Crawl Stone Soup version 0.28.0-53-g5a82cb258f (webtiles) character file.

Game seed: 7724943595396727561

24 hawla the Conjurer (level 2, 0/20 HPs)
             Began as a Draconian Conjurer on June 22, 2022.
             Slain by a scorpion (2 damage)
             ... on level 2 of the Dungeon.
             The game lasted 00:03:21 (913 turns).

hawla the Conjurer (Draconian Conjurer)              Turns: 913, Time: 00:03:22

Health: 0/20       AC:  4    Str:  9    XL:     2   Next: 79%
Magic:  1/5        EV: 12    Int: 18    God:
Gold:   73         SH:  0    Dex:  9    Spells: 2/5 levels left

rFire   . . .      SeeInvis .   (no weapon)
rCold   . . .      Faith    .   (no shield)
rNeg    . . .      Spirit   .   (armour unavailable)
rPois   .          Reflect  .   (helmet restricted)
rElec   .          Harm     .   (no cloak)
rCorr   .          Rampage  .   (no gloves)
Will    .....                   (no boots)
Stlth   ++........              (no amulet)
HPRegen 0.06/turn               (no ring)
MPRegen 0.09/turn               (no ring)

@: brilliant, lethally poisoned (0 -> -2)
A: AC +4, unfitting armour, cold-blooded
a: no special abilities


You were on level 2 of the Dungeon.
You visited 1 branch of the dungeon, and saw 2 of its levels.

You collected 73 gold pieces.

You aren't carrying anything.


   Skills:
 + Level 1.7 Dodging
 + Level 1.9 Stealth
 + Level 2.1 Spellcasting
 + Level 4.7 Conjurations


You had 2 spell levels left.
You knew the following spells:

 Your Spells              Type           Power      Damage    Failure   Level
a - Magic Dart            Conj           100%       1d8       2%          1
b - Searing Ray           Conj           56%        2d6       3%          2

Your spell library contained the following spells:

 Spells                   Type           Power      Damage    Failure   Level
 Dazzling Flash           Conj/Hex       30%        N/A       21%         3
 Ozocubu's Armour         Ice            2%         N/A       47%         3
 Fulminant Prism          Conj/Hex       7%         3d7       54%         4
 Iskenderun's Mystic Bla  Conj/Tloc      15%        2d5       54%         4
 Ozocubu's Refrigeration  Ice            1%         4d5       100%        7


Dungeon Overview and Level Annotations

Branches:
Dungeon (2/15)

Altars:
Cheibriados


Innate Abilities, Weirdness & Mutations

Your plain brown scales are hard. (AC +4)
You cannot fit into any form of body armour.
You are cold-blooded and may be slowed by cold attacks.


Message History

A scorpion comes into view.
A scorpion is nearby!
A scorpion is nearby!
Casting: Magic Dart (safe; 2% risk of failure)
Confirm with . or Enter, or press ? or * to list all spells.
Aiming: Magic Dart (safe; 2% risk of failure)
Press: ? - help, Shift-Dir - straight line, f - scorpion
Aim: a scorpion (asleep, 100% to hit)
The magic dart hits the scorpion.
The scorpion is moderately wounded.
Casting: Magic Dart (safe; 2% risk of failure)
Confirm with . or Enter, or press ? or * to list all spells.
Aiming: Searing Ray (safe; 3% risk of failure)
Press: ? - help, Shift-Dir - straight line, f/p - scorpion
Aim: a scorpion (moderately wounded, 78% to hit)
The searing ray hits the scorpion.
The scorpion is heavily wounded. (Press . to maintain the ray.)
Casting: Searing Ray (safe; 3% risk of failure)
Confirm with . or Enter, or press ? or * to list all spells.
You don't have enough magic to cast this spell.
The searing ray hits the scorpion.
The scorpion is heavily wounded.
The scorpion misses you. The scorpion closely misses you.
The scorpion closely misses you. The scorpion stings you.
You are poisoned.
The scorpion poisons you!
You feel very sick.
You feel sick.
You feel sick.
You feel sick.
You feel sick.
It was a potion of brilliance.
You feel clever all of a sudden.
You feel sick. The scorpion stings you.
* * * LOW HITPOINT WARNING * * *
The scorpion stings you.
You die...

#####.........#
.......###..#.#
#####..# #..#.#
...)...# #..#.#
.###...# #..#.####
.# #...# #.).....#
.###..## ####..#.#
......# #..#s#
##.##.. #..#@#
##.....# #..#.#
##.....######..#.#
##.._..........#.#
##......######.#.#
##...............#
#.....########.###
...... #.# #...#
#.#


You could see a scorpion.

Vanquished Creatures
  A dart slug (D:1)
  3 ball pythons (D:1)
  A bat (D:1)
  2 endoplasms (D:1)
  A giant cockroach (D:1)
  A goblin (D:1)
  2 hobgoblins (D:1)
  2 jackals (D:1)
  5 kobolds
  2 rats
20 creatures vanquished.

Vanquished Creatures (others)
  4 plants (D:2)
4 creatures vanquished.

Grand Total: 24 creatures vanquished

Notes
Turn   | Place    | Note
-------+----------+-------------------------------------------
     0 | D:1      | hawla the Draconian Conjurer began the quest for the Orb.
     0 | D:1      | Reached XP level 1. HP: 14/14 MP: 3/3
   236 | D:1      | Reached XP level 2. HP: 19/20 MP: 1/5
   692 | D:2      | Learned a level 2 spell: Searing Ray
   726 | D:2      | Found a snail-covered altar of Cheibriados.
   893 | D:2      | Noticed a scorpion
   913 | D:2      | Slain by a scorpion

Illustrated notes

Levels and vault maps discovered:
D:1:      ncdulo_watergridlock, layout_rooms, eino_curves_02,
          chequers_serial_rivers_micro_e
D:2:      wad_lake_hut, layout_loops_ring, basic_altar

Action                   || total
-------------------------++-------
Melee: Unarmed           ||    15
       Tailslap          ||     1
 Cast: Magic Dart        ||    34
       Searing Ray       ||     2
  Use: Scroll            ||     1
       Potion            ||     1
Armor: Skin              ||    13
Dodge: Dodged            ||    24
